 Dungeon Crawl Stone Soup version 0.27-a0-1193-g8631133 (webtiles) character file.

Game seed: 6158464686627908528

2629 Illumine the Cleaver (level 9, 0/81 HPs)
             Began as a Minotaur Fighter on May 25, 2021.
             Was a Follower of Makhleb.
             Slain by a two-headed ogre
             ... wielding a +0 giant club
              (22 damage)
             ... on level 8 of the Dungeon.
             The game lasted 00:04:18 (6162 turns).

Illumine the Cleaver (Minotaur Fighter)             Turns: 6162, Time: 00:04:18

Health: 0/81       AC: 16    Str: 24    XL:     9   Next: 35%
Magic:  9/9        EV:  5    Int:  5    God:    Makhleb [*.....]
Gold:   400        SH: 12    Dex: 10    Spells: 8/8 levels left

rFire    . . .     SeeInvis .   n - +1 war axe (vorpal)
rCold    . . .     Faith    .   c - +1 kite shield
rNeg     . . .     Spirit   .   h - +0 plate armour
rPois    .         Reflect  .   (helmet restricted)
rElec    .         Harm     .   p - +0 cloak
rCorr    .         Rampage  .   j - +0 pair of gloves
Will     .....                  (no boots)
Stlth    ..........             (no amulet)
HPRegen  0.23/turn              (no ring)
MPRegen  0.11/turn              (no ring)

@: no status effects
A: horns 2, retaliatory headbutt
a: Renounce Religion


You were on level 8 of the Dungeon.
You worshipped Makhleb.
Makhleb was aware of your devotion.
You visited 1 branch of the dungeon, and saw 8 of its levels.

You collected 400 gold pieces.

Inventory:

Hand Weapons
 n - a +1 vorpal war axe (weapon)
Armour
 b - a +0 scale mail
 c - a +1 kite shield (worn)
 h - a +0 plate armour (worn)
 j - a +0 pair of gloves (worn)
 p - a +0 cloak (worn)
Jewellery
 d - an amulet of reflection
 v - a ring of fire
Wands
 t - a wand of acid (20)
Scrolls
 a - 4 scrolls of noise {unknown}
 f - a scroll of enchant armour
 g - a scroll of vulnerability {unknown}
 i - 2 scrolls of enchant weapon {unknown}
 l - 3 scrolls of amnesia {unknown}
 s - 2 scrolls of teleportation {unknown}
 x - a scroll of fear {unknown}
 y - a scroll of acquirement {unknown}
Potions
 e - a potion of brilliance
 k - 3 potions of degeneration
 m - 3 potions of ambrosia
 o - 5 potions of mutation
 q - a potion of lignification {unknown}
 r - a potion of haste {unknown}
 u - 2 potions of curing
 w - 2 potions of heal wounds


   Skills:
 + Level 7.8 Fighting
 * Level 10.0 Axes
 + Level 7.8 Armour
 + Level 6.6 Shields
 + Level 2.5 Invocations


You had 8 spell levels left.
You didn't know any spells.
Your spell library contained the following spells:

 Spells                   Type           Power      Damage    Failure   Level
 Apportation              Tloc           0%         N/A       100%        1
 Foxfire                  Conj/Fire      0%         2x1d4     100%        1
 Freeze                   Ice            0%         1d3       100%        1
 Magic Dart               Conj           0%         1d3       100%        1
 Shock                    Conj/Air       0%         1d3       100%        1
 Lesser Beckoning         Tloc           0%         N/A       100%        3
 Tukima's Dance           Hex            0%         N/A       100%        3
 Alistair's Intoxication  Tmut/Pois      0%         N/A       100%        5
 Bolt of Magma            Conj/Fire/Erth 0%         4d4       100%        5
 Lightning Bolt           Conj/Air       0%         1d11      100%        5
 Invisibility             Hex            0%         N/A       100%        6
 Simulacrum               Ice/Necr       0%         N/A       100%        6


Dungeon Overview and Level Annotations

Branches:
Dungeon (8/15)             Temple (0/1) D:6
   Lair: D:8-11

Altars:
Elyvilon
Makhleb
Qazlal
Ru
Trog
Uskayaw
Vehumet
Xom


Innate Abilities, Weirdness & Mutations

You have a pair of horns on your head.
You reflexively headbutt those who attack you in melee.


Message History

There are monsters nearby!
You slash the howler monkey!
You kill the howler monkey!
Makhleb accepts your kill.
Your Axes skill increases to level 10!
A bullfrog is nearby!
You see here a howler monkey corpse.
You closely miss the bullfrog. Your headbutt misses the bullfrog.
The bullfrog hits you but does no damage.
You closely miss the bullfrog.
The bullfrog hits you but does no damage. x2
You slash the bullfrog! You headbutt the bullfrog!
You kill the bullfrog!
Makhleb accepts your kill.
No target in view!
No target in view!
o - 5 potions of mutation (gained 1)
Found 14 arrows.
No target in view!
A two-headed ogre is nearby!
A two-headed ogre is nearby!
The two-headed ogre shouts in stereo!
A two-headed ogre is nearby!
A two-headed ogre is nearby!
You hit the two-headed ogre. You headbutt the two-headed ogre.
The two-headed ogre is lightly wounded.
The two-headed ogre hits you with a +0 giant club!
The two-headed ogre hits you with a +0 giant spiked club!
The two-headed ogre hits you with a +0 giant club!
The two-headed ogre hits you with a +0 giant spiked club.
You hit the two-headed ogre.
The two-headed ogre is moderately wounded.
The two-headed ogre hits you with a +0 giant club!
You block the two-headed ogre's attack.
You slice the two-headed ogre!! You headbutt the two-headed ogre!
The two-headed ogre is almost dead.
The two-headed ogre hits you with a +0 giant club!
* * * LOW HITPOINT WARNING * * *
The two-headed ogre hits you with a +0 giant spiked club!!
You die...

##..g#.....# #...†
#+###...#.......#.### ###..
#.......#.......#... #..
#....)).#.......#.. #..
.#####)###.......#'##
##+#####..
.[g.g.).............#
#.........
...Og.........^.....#
#.........
....)...............#
#....####.
................@...# #...##
##
..........>.....O...####...#
######+##########..........#
#..........# #..........##
##...........#
#.....######## #.....#
#.....#


You could see a two-headed ogre.

Vanquished Creatures
  Sigmund (D:5)
  Eustachio (D:6)
  A steam dragon (D:7)
  Menkaure (D:6)
  A black bear (D:6)
  3 ice beasts
  A necrophage (D:7)
  An ogre (D:6)
  A kobold brigand (D:8)
  4 bullfrogs
  3 scorpions
  5 wights (D:8)
  3 howler monkeys
  A centaur zombie (D:7)
  2 bullfrog zombies
  2 orc priests
  5 hounds
  A centaur skeleton (D:4)
  3 iguanas (D:6)
  5 orc wizards
  A scorpion zombie (D:5)
  2 gnolls
  6 adders
  2 white imps
  2 worms
  5 dart slugs
  24 orcs
  6 endoplasms
  5 giant cockroaches
  A goblin (D:2)
  7 hobgoblins
  5 jackals
  9 kobolds
  4 quokkas
  9 ball pythons
  3 bats
  3 frilled lizards
  2 rats
141 creatures vanquished.

Vanquished Creatures (others)
  A wizard (D:3)
1 creature vanquished.

Grand Total: 142 creatures vanquished

Notes
Turn   | Place    | Note
-------+----------+-------------------------------------------
     0 | D:1      | Illumine the Minotaur Fighter began the quest for the Orb.
     0 | D:1      | Reached XP level 1. HP: 19/19 MP: 0/0
    70 | D:1      | Reached XP level 2. HP: 26/27 MP: 1/1
   125 | D:1      | Reached skill level 3 in Axes
   376 | D:2      | Reached XP level 3. HP: 30/33 MP: 2/2
   605 | D:2      | Found a radiant altar of Vehumet.
   785 | D:2      | Found a faded altar of an unknown god.
   800 | D:2      | Reached skill level 4 in Axes
   815 | D:2      | Reached XP level 4. HP: 32/41 MP: 3/3
  1645 | D:3      | Found a bloodstained altar of Trog.
  1696 | D:3      | Noticed a wizard
  1699 | D:3      | Killed a wizard
  2166 | D:4      | Reached XP level 5. HP: 47/47 MP: 4/4
  2223 | D:4      | Identified Mecru's Volume of Glacial Battle Magic
  2248 | D:4      | Reached skill level 5 in Axes
  2619 | D:5      | Entered Level 5 of the Dungeon
  2645 | D:5      | Noticed Sigmund
  2656 | D:5      | Killed Sigmund
  2657 | D:5      | Reached skill level 5 in Fighting
  2657 | D:5      | Reached skill level 6 in Axes
  2657 | D:5      | Reached skill level 5 in Armour
  2657 | D:5      | Reached XP level 6. HP: 22/56 MP: 5/5
  2861 | D:5      | Found a white marble altar of Elyvilon.
  2931 | D:5      | Found a stormy altar of Qazlal.
  2939 | D:5      | Reached XP level 7. HP: 54/62 MP: 6/6
  2997 | D:5      | Reached skill level 7 in Axes
  3200 | D:5      | Found a sacrificial altar of Ru.
  3458 | D:5      | Found a burning altar of Makhleb.
  3579 | D:5      | Became a worshipper of Makhleb the Destroyer
  3815 | D:6      | Noticed Eustachio
  3839 | D:6      | Found a staircase to the Ecumenical Temple.
  3841 | D:6      | Killed Eustachio
  3842 | D:6      | Reached skill level 8 in Axes
  3842 | D:6      | Reached skill level 5 in Shields
  3842 | D:6      | Reached XP level 8. HP: 43/71 MP: 7/7
  4219 | D:6      | Noticed Menkaure
  4227 | D:6      | Killed Menkaure
  4720 | D:7      | Reached skill level 9 in Axes
  4738 | D:7      | Reached skill level 1 in Invocations
  5041 | D:7      | Reached XP level 9. HP: 63/79 MP: 9/9
  5263 | D:7      | Found a hide-covered altar of Uskayaw.
  5706 | D:8      | Noticed a two-headed ogre
  5709 | D:8      | Reached * piety under Makhleb
  6054 | D:8      | Found a shimmering altar of Xom.
  6118 | D:8      | Reached skill level 10 in Axes
  6162 | D:8      | Slain by a two-headed ogre

Illustrated notes

Levels and vault maps discovered:
D:1:      matt_arrival_los_fun, layout_rooms
D:2:      layout_basic, basic_ecumenical_altar, basic_altar,
          hangedman_decor_peaks_small
D:3:      layout_loops_ring, trog_wizard, chequers_serial_rivers_small_3
D:4:      layout_basic, hangedman_decor_diamond_cutter
D:5:      layout_loops_ring, lemuel_tele_altar, lemuel_crystal_altar,
          lemuel_crystal_altar, nicolae_overflow_crystal_walls, uniq_sigmund
D:6:      layout_gridville, minmay_temple_entry_crystal_x, uniq_menkaure,
          uniq_eustachio
D:7:      layout_gridville, general_overflow_altar
D:8:      layout_gridville, lemuel_coloured_pillars_altar,
          overflow_temple_1_default, gammafunk_temple_overflow_pools

Skill      XL: |  1  2  3  4  5  6  7  8  9 |
---------------+----------------------------+-----
Axes           | 3 4 6 8 9 10 | 10.0
Armour         | 4 5 6 7 |  7.8
Fighting       | 4 5 6 7 |  7.8
Shields        | 4 5 6 |  6.6
Invocations    | 1 2 |  2.5

Action                   |  1- 3 |  4- 6 |  7- 9 || total
-------------------------+-------+-------+-------++-------
Melee: War axe           |    66 |    90 |   208 ||   364
       Headbutt          |     6 |    16 |    36 ||    58
  Use: Scroll            |       |     6 |     3 ||     9
       Potion            |       |     1 |       ||     1
Armor: Scale mail        |    28 |       |       ||    28
       Plate armour      |    14 |    42 |   141 ||   197
Dodge: Dodged            |    22 |    14 |    43 ||    79
Block: Kite shield       |    38 |    46 |   156 ||   240

Table legend: (Time is in decaauts)
 A = Elapsed time spent in this place.
 B = Non-inter-level travel time spent in this place.
 C = Inter-level travel time spent in this place.
 D = Time resting spent in this place.
 E = Time spent auto-exploring this place.
 F = Levels seen in this place.
 G = Mean time per level.
                   A        B        C        D        E       F      G
               +--------+--------+--------+--------+--------+-----+--------+
         Total |   6297 |   6095 |    202 |    545 |   4567 |   8 |  787.1 |
       Dungeon |   6297 |   6095 |    202 |    545 |   4567 |   8 |  787.1 |
               +--------+--------+--------+--------+--------+-----+--------+

Top non-repeatable levels by time:
     D:7: 1224 daAuts
     D:6: 1116 daAuts
     D:5: 1015 daAuts
     D:4: 826 daAuts
     D:3: 786 daAuts
     D:2: 736 daAuts
     D:1: 340 daAuts
     D:8: 250 daAuts
